 Dungeon Crawl Stone Soup version 0.28-a0-178-ga708605c5b (webtiles) character file.

Game seed: 2122354421483832551

186 frimble the Skirmisher (level 5, -10/46 HPs)
             Began as a Minotaur Warper on Aug 18, 2021.
             Mangled by Menkaure (15 damage)
             ... on level 4 of the Dungeon.
             The game lasted 00:02:21 (2829 turns).

frimble the Skirmisher (Minotaur Warper)            Turns: 2829, Time: 00:02:22

Health: -10/46     AC:  4    Str: 11    XL:     5   Next: 38%
Magic:  24/24      EV: 12    Int: 10    God:
Gold:   133        SH:  0    Dex: 11    Spells: 7/7 levels left

rFire   . . .      SeeInvis .   x - +7 flail of Yfaije {flame, rN+ Will+ Str-4}
rCold   . . .      Faith    .   (no shield)
rNeg    + . .      Spirit   .   b - +0 leather armour
rPois   .          Reflect  .   (helmet restricted)
rElec   .          Harm     .   (no cloak)
rCorr   .          Rampage  .   g - +0 pair of gloves
Will    +....                   (no boots)
Stlth   +.........              m - amulet of regeneration
HPRegen 1.15/turn               e - ring of magical power
MPRegen 0.19/turn               t - ring of magical power

@: no status effects
A: horns 2, retaliatory headbutt
a: no special abilities


You were on level 4 of the Dungeon.
You visited 1 branch of the dungeon, and saw 4 of its levels.

You collected 133 gold pieces.

Inventory:

Hand Weapons
 a - a +0 falchion
 x - the +7 flail of Yfaije (weapon) {flame, rN+ Will+ Str-4}
   (You found it on level 4 of the Dungeon)

   It burns those it strikes, dealing additional fire damage.
   Str:       It affects your strength (-4).
   rN:        It protects you from negative energy.
   Will:      It increases your willpower.
Missiles
 d - 5 boomerangs of dispersal (quivered)
 q - 4 javelins
Armour
 b - a +0 leather armour (worn)
 g - a +0 pair of gloves (worn)
 p - a +0 buckler
Jewellery
 e - a ring of magical power (left hand)
 m - an amulet of regeneration (around neck)
 t - a ring of magical power (right hand)
Scrolls
 c - a scroll of blinking
 f - 2 scrolls of identify
 h - 2 scrolls of fear {unknown}
 i - a scroll of amnesia {unknown}
 k - 3 scrolls of teleportation
 o - a scroll of noise {unknown}
 s - a scroll of magic mapping {unknown}
 v - a scroll of immolation
 w - 2 scrolls of enchant armour {unknown}
Potions
 j - a potion of degeneration
 l - a potion of curing {unknown}
 n - 2 potions of haste {unknown}
 r - a potion of lignification {unknown}
 u - a potion of attraction {unknown}


   Skills:
 + Level 3.7 Fighting
 + Level 3.4 Long Blades
 - Level 1.4 Throwing
 - Level 2.2 Armour
 - Level 2.6 Dodging
 * Level 2.8 Shields
 - Level 1.7 Spellcasting
 - Level 2.4 Translocations


You had 7 spell levels left.
You didn't know any spells.
Your spell library contained the following spells:

 Spells                   Type           Power      Damage    Failure   Level
 Blink                    Tloc           N/A        N/A       22%         2
 Corona                   Hex            0%         N/A       38%         1
 Gell's Gravitas          Tloc           2%         N/A       41%         3
 Lesser Beckoning         Tloc           2%         N/A       41%         3
 Teleport Other           Tloc           5%         N/A       41%         3
 Ensorcelled Hibernation  Hex/Ice        0%         N/A       54%         2
 Slow                     Hex            0%         N/A       54%         2
 Portal Projectile        Hex/Tloc       6%         N/A       58%         3
 Call Canine Familiar     Summ           0%         N/A       77%         3
 Confusing Touch          Hex            0%         N/A       77%         3
 Tukima's Dance           Hex            0%         N/A       77%         3
 Vampiric Draining        Necr           0%         2d6       77%         3
 Leda's Liquefaction      Hex/Erth       0%         N/A       99%         4
 Manifold Assault         Tloc           5%         N/A       99%         5
 Chain Lightning          Conj/Air       0%         N/A       100%        9
 Fire Storm               Conj/Fire      0%         5d1       100%        9


Dungeon Overview and Level Annotations

Branches:
Dungeon (4/15)
 Temple: D:4-7

Altars:

Shops:
D:3 *

Annotations:
D:4 Menkaure


Innate Abilities, Weirdness & Mutations

You have a pair of horns on your head.
You reflexively headbutt those who attack you in melee.


Message History

You feel weaker.
The +7 flail of Yfaije {flame, rN+ Will+ Str-4} bursts into flame!
x - the +7 flail of Yfaije (weapon)
{flame, rN+ Will+ Str-4} You closely miss the goblin.
You headbutt the goblin.
The goblin is severely wounded.
The goblin completely misses you. You furiously retaliate!
You headbutt the goblin, but do no damage.
The goblin closely misses you.
You barely miss the goblin.
The goblin is severely wounded.
The goblin closely misses you. You furiously retaliate!
You headbutt the goblin.
You kill the goblin!
You barely miss Menkaure. Menkaure hits you!
Menkaure gestures at you while chanting.
You resist with some effort.
You sock Menkaure! You burn Menkaure!
Menkaure is severely damaged.
Menkaure calls on the powers of darkness!
Your body is wracked with pain!
You are too injured to fight recklessly!
You are too injured to fight recklessly!
You are too injured to fight recklessly!
You are too injured to fight recklessly!
You are too injured to fight recklessly!
You are too injured to fight recklessly!
You are too injured to fight recklessly!
You are too injured to fight recklessly!
You closely miss Menkaure. Your headbutt misses Menkaure.
Menkaure is severely damaged.
Menkaure gestures at you while chanting.
Pain shoots through your body! Menkaure hits you!
* * * LOW HITPOINT WARNING * * *
You hit Menkaure. You burn Menkaure.
Menkaure is almost destroyed.
Menkaure calls on the powers of darkness!
Your body is wracked with pain!
* * * LOW HITPOINT WARNING * * *
Menkaure hits you!
You die...

..# ..# ##########
...# M.....?.. ...+
#.g.....# ....##
###M##...... #
###.@......... #.
#.............
##.#######...........
+.....<..............
##.#..#####..........
##.## #..........
#..# ##.########
##.## #.#
#..####.########


You could see Menkaure (fast).

Vanquished Creatures
  A kobold brigand (D:4)
  A hound (D:4)
  2 adders
  3 worms
  2 dart slugs
  An orc (D:3)
  4 bats
  3 endoplasms
  3 giant cockroaches
  7 hobgoblins
  5 jackals
  6 kobolds
  A quokka (D:3)
  5 ball pythons
  3 frilled lizards (D:1)
  4 goblins
  5 rats
56 creatures vanquished.

Vanquished Creatures (others)
  5 toadstools (D:1)
5 creatures vanquished.

Grand Total: 61 creatures vanquished

Notes
Turn   | Place    | Note
-------+----------+-------------------------------------------
     0 | D:1      | frimble the Minotaur Warper began the quest for the Orb.
     0 | D:1      | Reached XP level 1. HP: 18/18 MP: 1/1
   228 | D:1      | Reached XP level 2. HP: 25/25 MP: 3/3
   926 | D:2      | Found a faded altar of an unknown god.
  1049 | D:2      | Reached XP level 3. HP: 21/30 MP: 4/4
  2247 | D:3      | Found Iruo's General Store.
  2290 | D:3      | Reached XP level 4. HP: 38/38 MP: 5/5
  2678 | D:4      | Reached skill level 1 in Shields
  2744 | D:4      | Noticed a kobold brigand
  2761 | D:4      | Killed a kobold brigand
  2762 | D:4      | Reached XP level 5. HP: 29/45 MP: 6/6
  2775 | D:4      | Identified the +7 flail of Yfaije {flame, rN+ Will+ Str-4}
  2817 | D:4      | Noticed Menkaure
  2829 | D:4      | Mangled by Menkaure

Illustrated notes

Levels and vault maps discovered:
D:1:      ldierk_walled_garden, layout_rooms, amcnicky_mini_corridor_feature
D:2:      layout_basic, ebering_ecumenical_altar_abandoned
D:3:      layout_rooms, serial_shops, nicolae_shop_statue_plus
D:4:      layout_basic, uniq_menkaure

Skill      XL: |  1  2  3  4 |
---------------+-------------+-----
Armour         | 2 |  2.2
Fighting       | 3 |  3.7
Shields        | 2 |  2.8
Long Blades    | 3 |  3.4
Throwing       | |  1.4
Dodging        | |  2.6
Spellcasting   | |  1.7
Translocations | |  2.4

Action                   |  1- 3 |  4- 6 || total
-------------------------+-------+-------++-------
Melee: Falchion          |   122 |    35 ||   157
       Headbutt          |    12 |     7 ||    19
       Flail             |       |     6 ||     6
  Use: Scroll            |     3 |       ||     3
Armor: Leather armour    |    32 |     9 ||    41
Dodge: Dodged            |    79 |    21 ||   100
       Rpst.: Falchion   |    14 |     5 ||    19

Table legend: (Time is in decaauts)
 A = Elapsed time spent in this place.
 B = Non-inter-level travel time spent in this place.
 C = Inter-level travel time spent in this place.
 D = Time resting spent in this place.
 E = Time spent auto-exploring this place.
 F = Levels seen in this place.
 G = Mean time per level.
                   A        B        C        D        E       F      G
               +--------+--------+--------+--------+--------+-----+--------+
         Total |   2858 |   2753 |    105 |      0 |   2332 |   4 |  714.5 |
       Dungeon |   2858 |   2753 |    105 |      0 |   2332 |   4 |  714.5 |
               +--------+--------+--------+--------+--------+-----+--------+

Top non-repeatable levels by time:
     D:2: 1114 daAuts
     D:1: 912 daAuts
     D:3: 556 daAuts
     D:4: 274 daAuts
